 Dungeon Crawl Stone Soup version 0.27.1-33-g824d729ab1 (webtiles) character file.

Game seed: 16687623678664985273

21665 klutch the Protected (level 12, -22/112 HPs)
             Began as a Minotaur Fighter on Dec 4, 2021.
             Was a High Priest of Okawaru.
             Annihilated by an enormous slime creature (41 damage)
             ... on level 1 of the Lair of Beasts.
             The game lasted 00:44:13 (7401 turns).

klutch the Protected (Minotaur Fighter)             Turns: 7401, Time: 00:44:13

Health: -22/112    AC: 28    Str: 21    XL:     12   Next: 56%
Magic:  19/20      EV: 13    Int:  5    God:    Okawaru [*****.]
Gold:   690        SH:  0    Dex: 15    Spells: 11/11 levels left

rFire    . . .     SeeInvis .   E - +0 mace of Dim Light {flame, Fly rC+ MP+9}
rCold    + . .     Faith    .   (no shield)
rNeg     . . .     Spirit   .   c - +1 plate armour
rPois    .         Reflect  .   (helmet restricted)
rElec    .         Harm     .   B - +0 cloak
rCorr    .         Rampage  .   (no gloves)
Will     .....                  C - +2 pair of boots
Stlth    ..........             j - amulet of regeneration
HPRegen  1.28/turn              (no ring)
MPRegen  0.17/turn              (no ring)

@: heroic, flying, hasted, very quick
A: horns 2, retaliatory headbutt, iridescent scales 2, passive freeze
a: Renounce Religion, Heroism, Finesse


You were on level 1 of the Lair of Beasts.
You worshipped Okawaru.
Okawaru was extremely pleased with you.
You visited 3 branches of the dungeon, and saw 10 of its levels.
You also visited: Sewer, Ossuary and Bailey.

You collected 690 gold pieces.

Inventory:

Hand Weapons
 k - a +2 dagger of speed
 p - a +3 whip
 u - a +3 mace of venom
 D - a +3 mace of flaming
 E - the +0 mace of Dim Light (weapon) {flame, Fly rC+ MP+9}
   (You found it on level 5 of the Dungeon)

   It burns those it strikes, dealing additional fire damage.
   rC:        It protects you from cold.
   MP:        It affects your magic capacity (+9).
   Fly:       It grants you flight.
Missiles
 q - 6 javelins (quivered)
 F - 15 poisoned darts
 I - 60 boomerangs
Armour
 c - a +1 plate armour (worn)
 B - a +0 cloak (worn)
 C - a +2 pair of boots (worn)
Jewellery
 d - a ring of positive energy
 j - an amulet of regeneration (around neck)
 y - an amulet of magic regeneration
 A - an amulet of faith
 O - a ring of wizardry
Wands
 a - a wand of polymorph (12)
 b - a wand of digging (8)
 G - a wand of paralysis (3)
 L - a wand of flame (6)
Scrolls
 g - a scroll of fear
 m - 2 scrolls of enchant armour
 n - 4 scrolls of teleportation
 t - 3 scrolls of amnesia
 w - a scroll of silence
 z - a scroll of blinking
 H - a scroll of identify
Potions
 e - a potion of flight {unknown}
 f - 3 potions of brilliance {unknown}
 h - 2 potions of heal wounds
 i - 3 potions of curing {unknown}
 l - 2 potions of berserk rage {unknown}
 o - a potion of invisibility {unknown}
 r - 4 potions of lignification
 s - 3 potions of attraction {unknown}
 v - 2 potions of cancellation
 x - 3 potions of haste
 J - a potion of resistance {unknown}
 K - a potion of magic {unknown}
Miscellaneous
 P - a phantom mirror


   Skills:
 * Level 12.1(17.1) Fighting
 * Level 11.9(16.9) Maces & Flails
 * Level 12.9(17.9) Armour
 + Level 8.1(13.1) Dodging
 - Level 3.7(8.7) Shields
 + Level 8.1(13.1) Unarmed Combat


You had 11 spell levels left.
You didn't know any spells.
Your spell library contained the following spells:

 Spells                   Type           Power      Damage    Failure   Level
 Foxfire                  Conj/Fire      0%         2x1d4     99%         1
 Magic Dart               Conj           0%         1d3       99%         1
 Call Imp                 Summ           0%         N/A       100%        2
 Call Canine Familiar     Summ           0%         N/A       100%        3
 Conjure Flame            Conj/Fire      0%         6-21      100%        3
 Inner Flame              Hex/Fire       0%         N/A       100%        3
 Mephitic Cloud           Conj/Pois/Air  0%         N/A       100%        3
 Portal Projectile        Hex/Tloc       0%         N/A       100%        3
 Fulminant Prism          Conj/Hex       0%         3d6       100%        4
 Iskenderun's Mystic Bla  Conj/Tloc      0%         2d3       100%        4
 Leda's Liquefaction      Hex/Erth       0%         N/A       100%        4
 Lee's Rapid Deconstruct  Erth           0%         3d5*      100%        5


Dungeon Overview and Level Annotations

Branches:
Dungeon (8/15)             Temple (1/1) D:5            Lair (1/6) D:8
  Sewer (visited)         Ossuary (visited)          Bailey (visited)

Altars:
Ashenzari
Cheibriados
Dithmenos
Elyvilon
Fedhas
Gozag
Hepliaklqana
Kikubaaqudgha
Makhleb
Nemelex Xobeh
Okawaru
Qazlal
Ru
Sif Muna
Trog
Uskayaw
Vehumet
Wu Jian
Xom
Yredelemnul
Zin
The Shining One
Jiyva

Shops:
D:3 ?   D:7 [

Annotations:
Lair:1 hilljack's ghost, journeyman GrEE


Innate Abilities, Weirdness & Mutations

You have a pair of horns on your head.
You reflexively headbutt those who attack you in melee.
You are mostly covered in iridescent scales. (AC +4)
A frigid envelope surrounds you and freezes all who hurt you.


Message History

The enormous slime creature is heavily wounded.
You sock the enormous slime creature! You burn the enormous slime creature!
Your headbutt misses the enormous slime creature.
You punch the enormous slime creature.
The enormous slime creature is heavily wounded.
The enormous slime creature hits you!!
The enormous slime creature is very cold.
The enormous slime creature is heavily wounded.
You feel much better. The enormous slime creature hits you!!!
* * * LOW HITPOINT WARNING * * *
The enormous slime creature is very cold.
The enormous slime creature is severely wounded.
You hit the enormous slime creature. You burn the enormous slime creature.
You punch the enormous slime creature.
The enormous slime creature is severely wounded.
You hit the enormous slime creature. You burn the enormous slime creature.
You punch the enormous slime creature!
The enormous slime creature is severely wounded.
You sock the enormous slime creature! You burn the enormous slime creature.
The enormous slime creature is severely wounded.
The enormous slime creature hits you!
* * * LOW HITPOINT WARNING * * *
The enormous slime creature is very cold.
The enormous slime creature is almost dead.
You hit the enormous slime creature but do no damage.
You headbutt the enormous slime creature!
The enormous slime creature is almost dead.
You sock the enormous slime creature! You burn the enormous slime creature.
You headbutt the enormous slime creature!
The enormous slime creature is almost dead.
The enormous slime creature hits you but does no damage.
The enormous slime creature is very cold.
The enormous slime creature is almost dead.
You completely miss the enormous slime creature.
The enormous slime creature is almost dead.
You hit the enormous slime creature. You burn the enormous slime creature.
You headbutt the enormous slime creature.
The enormous slime creature is almost dead.
The enormous slime creature hits you!!!
You die...

#..........#
##(_[##........##
##.$?:.##........# ####
#.......#......######...
#.......#.....## ##.....
#.......#....## .#......
###....W##...## ##.......
..##''J##...## #.........
?.....JJ@...####.........
......J####....P.........
....... ####...........
....... #............
....... #............
....... #............
.....## #............
#..#. ##...........
##..........


You could see an enormous slime creature, 3 jellies and hilljack's ghost.

Vanquished Creatures
  An orc warlord (Bailey)
  Erica (D:8)
  An orc knight (Bailey)
  Maurice (D:8)
  Prince Ribbit (D:6)
  5 blink frogs (Lair:1)
  6 yaks (D:8)
  3 wargs (D:8)
  2 orc warriors
  3 ice beasts
  Purgy (Sewer)
  A sky beast (D:6)
  2 necrophages
  2 black bears (D:6)
  4 centaurs
  A phantom (D:5)
  A kobold brigand (D:6)
  2 bullfrogs
  An elf zombie (Ossuary)
  2 scorpions
  A water moccasin skeleton (D:6)
  11 wights
  A human zombie (Ossuary)
  4 jellies
  8 orc priests
  2 bullfrog zombies
  2 hounds
  A bullfrog skeleton (D:5)
  2 orc wizards
  A killer bee zombie (D:4)
  3 mummies (Ossuary)
  2 howler monkey zombies
  3 gnolls
  7 adders
  2 white imps
  3 adder zombies (Ossuary)
  2 adder skeletons (D:4)
  2 dart slugs
  27 orcs
  5 endoplasms
  4 giant cockroaches
  16 goblins
  5 hobgoblins
  7 jackals
  4 quokkas
  8 ball pythons
  4 frilled lizards
  A goblin zombie (Ossuary)
  6 hobgoblin zombies (Ossuary)
  24 kobolds
  2 kobold zombies (Ossuary)
  A quokka zombie (Ossuary)
  9 rats
  5 rat zombies
226 creatures vanquished.

Vanquished Creatures (others)
  An orc (D:8)
1 creature vanquished.

Grand Total: 227 creatures vanquished

Notes
Turn   | Place    | Note
-------+----------+-------------------------------------------
     0 | D:1      | klutch the Minotaur Fighter began the quest for the Orb.
     0 | D:1      | Reached XP level 1. HP: 19/19 MP: 0/0
   104 | D:1      | Reached XP level 2. HP: 26/27 MP: 1/1
   171 | D:1      | Found a faded altar of an unknown god.
   417 | D:1      | Reached XP level 3. HP: 33/33 MP: 2/2
  1123 | D:1      | Gained mutation: Your spells are a little easier to cast,
                  | but a little less powerful. [potion of mutation]
  1123 | D:1      | Gained mutation: You have a pair of large horns on your
                  | head. [potion of mutation]
  1123 | D:1      | Gained mutation: Your magical capacity is low. (-10% MP)
                  | [potion of mutation]
  1123 | D:1      | Gained mutation: Your mind is acute. (Int +2) [potion of
                  | mutation]
  1411 | D:2      | Reached skill level 1 in Dodging
  1684 | D:3      | Found Mebreti's Magic Scroll Boutique.
  1770 | D:3      | Reached XP level 4. HP: 40/40 MP: 2/2
  1806 | D:3      | Reached skill level 1 in Unarmed Combat
  2208 | D:3      | Found a glowing drain.
  2218 | Sewer    | Entered a sewer
  2234 | Sewer    | Reached XP level 5. HP: 44/47 MP: 3/3
  2267 | Sewer    | Noticed Purgy
  2292 | Sewer    | Killed Purgy
  2293 | Sewer    | Reached skill level 5 in Fighting
  2348 | Sewer    | Reached skill level 5 in Armour
  2629 | D:4      | Reached XP level 6. HP: 56/56 MP: 4/4
  2665 | D:4      | Found a sand-covered staircase.
  2672 | Ossuary  | Entered an ossuary
  3222 | D:5      | Entered Level 5 of the Dungeon
  3239 | D:5      | Reached skill level 5 in Maces & Flails
  3239 | D:5      | Reached XP level 7. HP: 60/62 MP: 5/5
  3649 | D:5      | Found a staircase to the Ecumenical Temple.
  3678 | Temple   | Entered the Ecumenical Temple
  3946 | D:5      | Found an iron altar of Okawaru.
  4003 | D:5      | Became a worshipper of Warmaster Okawaru
  4029 | D:5      | Identified the +0 mace of Dim Light {flame, Fly rC+ MP+9}
  4741 | D:6      | Lost mutation: Your spells are a little easier to cast, but
                  | a little less powerful. [potion of mutation]
  4741 | D:6      | Lost mutation: Your magical capacity is low. (-10% MP)
                  | [potion of mutation]
  4741 | D:6      | Gained mutation: You do not regenerate when monsters are
                  | visible. [potion of mutation]
  4741 | D:6      | Gained mutation: You have a somewhat thin skeletal
                  | structure. (Dex +2, Stealth+) [potion of mutation]
  4741 | D:6      | Gained mutation: Your muscles are strong. (Str +2) [potion
                  | of mutation]
  4770 | D:6      | Lost mutation: You do not regenerate when monsters are
                  | visible. [potion of mutation]
  4770 | D:6      | Lost mutation: You have a pair of large horns on your head.
                  | [potion of mutation]
  4770 | D:6      | Gained mutation: You are strong-willed. (Will+) [potion of
                  | mutation]
  4770 | D:6      | Gained mutation: You expend magic power (3 MP) to
                  | strengthen your wands. [potion of mutation]
  4770 | D:6      | Gained mutation: You have a pair of large horns on your
                  | head. [potion of mutation]
  4776 | D:6      | Reached XP level 8. HP: 70/71 MP: 7/7
  4776 | D:6      | Lost mutation: Your mind is acute. (Int +2) [potion of
                  | mutation]
  4776 | D:6      | Lost mutation: You expend magic power (3 MP) to strengthen
                  | your wands. [potion of mutation]
  4776 | D:6      | Lost mutation: You have a somewhat thin skeletal structure.
                  | (Dex +2, Stealth+) [potion of mutation]
  4776 | D:6      | Gained mutation: You occasionally shout uncontrollably at
                  | your foes. [potion of mutation]
  4777 | D:6      | Lost mutation: You occasionally shout uncontrollably at
                  | your foes. [potion of mutation]
  4777 | D:6      | Lost mutation: Your muscles are strong. (Str +2) [potion of
                  | mutation]
  4777 | D:6      | Lost mutation: You have a pair of large horns on your head.
                  | [potion of mutation]
  4777 | D:6      | Gained mutation: You are agile. (Dex +2) [potion of
                  | mutation]
  4778 | D:6      | Lost mutation: You are agile. (Dex +2) [potion of mutation]
  4778 | D:6      | Lost mutation: You are strong-willed. (Will+) [potion of
                  | mutation]
  4778 | D:6      | Gained mutation: You are partially covered in iridescent
                  | scales. (AC +2) [potion of mutation]
  4778 | D:6      | Gained mutation: You are mostly covered in iridescent
                  | scales. (AC +4) [potion of mutation]
  4778 | D:6      | Gained mutation: A frigid envelope surrounds you and
                  | freezes all who hurt you. [potion of mutation]
  4931 | D:6      | Reached * piety under Okawaru
  5130 | D:6      | Noticed Prince Ribbit
  5150 | D:6      | Killed Prince Ribbit
  5150 | D:6      | Reached ** piety under Okawaru
  5151 | D:6      | Reached XP level 9. HP: 77/81 MP: 8/8
  6048 | D:7      | Found Zak Gafo's Armour Emporium.
  6109 | D:8      | Found a flagged portal.
  6118 | Bailey   | Entered a bailey
  6123 | Bailey   | Noticed an orc warlord
  6215 | Bailey   | Found a runed translucent gate.
  6216 | Bailey   | Found a runed translucent gate.
  6217 | Bailey   | Found a runed translucent gate.
  6235 | Bailey   | Noticed an orc knight
  6257 | Bailey   | Killed an orc knight
  6257 | Bailey   | Reached *** piety under Okawaru
  6370 | Bailey   | Killed an orc warlord
  6370 | Bailey   | Reached **** piety under Okawaru
  6371 | Bailey   | Reached skill level 5 in Dodging
  6371 | Bailey   | Reached skill level 5 in Unarmed Combat
  6475 | D:8      | Reached XP level 10. HP: 72/91 MP: 9/9
  6482 | D:8      | Reached ***** piety under Okawaru
  6548 | D:8      | Reached skill level 10 in Fighting
  6548 | D:8      | Reached skill level 10 in Maces & Flails
  6548 | D:8      | Reached XP level 11. HP: 101/101 MP: 10/10
  6549 | D:8      | Reached XP level 12. HP: 112/112 MP: 11/11
  6600 | D:8      | Found a staircase to the Lair.
  6600 | D:8      | Noticed Erica
  6611 | D:8      | Noticed Maurice
  6619 | D:8      | Killed Erica
  6987 | D:8      | Killed Maurice
  7051 | D:8      | Received a gift from Okawaru
  7163 | Lair:1   | Entered Level 1 of the Lair of Beasts
  7341 | Lair:1   | Found a runed translucent gate.
  7342 | Lair:1   | Found a runed translucent gate.
  7343 | Lair:1   | Found a runed translucent gate.
  7370 | Lair:1   | Found a viscous altar of Jiyva.
  7370 | Lair:1   | Noticed hilljack's ghost (journeyman GrEE)
  7401 | Lair:1   | Annihilated by an enormous slime creature

Illustrated notes

Levels and vault maps discovered:
D:1:      sevenhm_arrival_forest_fort_large_4, layout_basic,
          hellmonk_ecumenical_altar_lost_god, roderic_serpentine_path,
          minmay_pentomino_r2
D:2:      layout_rooms, grunt_decor_clamped, amcnicky_mini_rare_corridor_liquid
D:3:      layout_rooms, serial_shops, nicolae_shop_window_shopping,
          portal_sewer_entry_e
D:4:      layout_rooms, enter_ossuary_4
D:5:      layout_layer_cave, amcnicky_altar_gilded,
          minmay_temple_entry_nine_rooms
D:6:      layout_gridville, uniq_prince_ribbit1
D:7:      layout_basic, serial_shops, shop, kennysheep_boxes, uniq_joseph
D:8:      layout_cave_pools, erik_lair_orcish_takeover, enter_bailey_5,
          uniq_maurice, uniq_erica
Temple:   minmay_crystal_snake_temple
Lair:1:   layout_cave_pods, gammafunk_ghost_ooze, infiniplex_staircase_pool,
          serial_bayou_shore_b, lemuel_fruit_tree

Skill      XL: |  1  2  3  4  5  6  7  8  9 10 11 12 |
---------------+-------------------------------------+-----
Fighting       | 4 5 6 8 9 10 11 12 | 12.1
Maces & Flails | 3 4 5 6 7 9 10 11 | 11.9
Armour         | 4 5 6 7 9 11 12 | 12.9
Dodging        | 1 2 3 4 5 7 8 |  8.1
Unarmed Combat | 1 2 3 4 5 7 8 |  8.1
Shields        | |  3.7

Action                   |  1- 3 |  4- 6 |  7- 9 | 10-12 || total
-------------------------+-------+-------+-------+-------++-------
Melee: Flail             |    83 |    96 |       |       ||   179
       Headbutt          |    15 |    40 |    32 |    35 ||   122
       Whip              |       |   113 |    47 |       ||   160
       Punch             |       |     2 |     1 |    10 ||    13
       Mace              |       |       |   139 |   130 ||   269
Throw: Javelin           |       |     1 |     1 |       ||     2
Invok: Heroism           |       |       |       |     1 ||     1
  Use: Scroll            |     4 |     6 |     9 |     1 ||    20
       Potion            |     1 |     1 |     8 |     8 ||    18
Armor: Scale mail        |    28 |       |       |       ||    28
       Plate armour      |    16 |   189 |   139 |    82 ||   426
Dodge: Dodged            |    29 |    72 |    58 |    59 ||   218
Block: Kite shield       |     5 |       |       |       ||     5
